 Dungeon Sprint DCSS version 0.30-a0-1093-gcfb1e0cf12 (webtiles) character file.

Game seed: 5447853273821840620

4376 Conn the Thaumaturge (level 10, -13/58 HPs)
             Began as an Octopode Fire Elementalist on Apr 16, 2023.
             Was a Priest of Sif Muna.
             Mangled by a demonic crawler (15 damage)
             ... in the Dungeon (Sprint IV: "Fedhas' Mad Dash") on Apr 17, 2023.
             The game lasted 00:28:12 (3013 turns).

Conn the Thaumaturge (Octopode Fire Elementalist)   Turns: 3013, Time: 00:28:13

Health: -13/58     AC:  1    Str:  8    XL:     10   Next: 35%
Magic:  20/28      EV: 14    Int: 24    God:    Sif Muna [***...]
Gold:   289        SH:  4    Dex: 13    Spells: 10/37 levels left

rFire   . . .      SeeInvis .    h - +0 rapier
rCold   . . .      Faith    .    g - +0 buckler
rNeg    . . .      Spirit   .    (helmet restricted)
rPois   +          Reflect  .    e - amulet of invisibility {+Inv}
rElec   .          Rampage  .    f - ring "Eceocah" {rPois Int+3}
rCorr   .          NoTele   +    (no ring)
Will    .....                    (no ring)
Stlth   +++                      (no ring)
HPRegen 0.29/turn                (no ring)
MPRegen 0.21/turn                (no ring)
                                 (no ring)
                                 (no ring)

@: very slightly contaminated, invisible
A: almost no armour, amphibious, 8 rings, camouflage 1, gelatinous body 1,
(nimble swimmer 1), tentacles
a: Renounce Religion, Evoke Invisibility, Channel Magic, Forget Spell


You were in the Dungeon.
You worshipped Sif Muna.
Sif Muna was most pleased with you.
You visited 1 branch You collected 289 gold pieces.

Inventory:

Hand Weapons
 h - a +0 rapier (weapon)
Armour
 g - a +0 buckler (worn)
Jewellery
 e - the amulet of invisibility (around mantle) {+Inv}
   (You found it in the Dungeon)

   [amulet of nothing]

   +Inv:      It lets you turn invisible.
 f - the ring "Eceocah" (left tentacle) {rPois Int+3}
   (You found it in the Dungeon)

   [ring of poison resistance]

   Int:       It affects your intelligence (+3).
   rPois:     It protects you from poison.
 j - an amulet of reflection
Scrolls
 b - a scroll of enchant armour {unknown}
 c - a scroll of magic mapping {unknown}
 d - a scroll of identify {unknown}
 k - a scroll of fear {unknown}
Potions
 a - 3 potions of magic
 i - a potion of invisibility {unknown}
Miscellaneous
 l - a tin of tremorstones (2/2)


   Skills:
 + Level 1.2 Fighting
 + Level 1.1 Short Blades
 + Level 4.2 Dodging
 - Level 3.0 Stealth
 + Level 1.6 Shields
 * Level 14.3 Spellcasting
 * Level 9.1 Conjurations
 + Level 2.9 Hexes
 * Level 2.0 Summonings
 + Level 11.9 Fire Magic
 * Level 2.0 Ice Magic
 * Level 2.3 Air Magic
 * Level 2.7 Poison Magic
 * Level 7.6 Invocations
 - Level 5.0 Evocations


You had 10 spell levels left.
You knew the following spells:

 Your Spells              Type           Power      Damage    Failure   Level
a - Foxfire               Conj/Fire      100%       2x1d9     1%          1
b - Inner Flame           Hex/Fire       52%        N/A       1%          3
c - Mephitic Cloud        Conj/Pois/Air  40%        N/A       1%          3
d - Flame Wave            Conj/Fire      61%        2d14      1%          4
e - Scorch                Fire           100%       2d9       1%          2
f - Summon Horrible Thin  Summ           13%        N/A       100%        8
g - Hailstorm             Conj/Ice       44%        3d10      1%          3
h - Frozen Ramparts       Ice            52%        1d8       6%          3

Your spell library contained the following spells:

 Spells                   Type           Power      Damage    Failure   Level
 Freeze                   Ice            100%       1d10      1%          1
 Volatile Blastmotes      Fire/Tloc      90%        2d17      1%          3


Dungeon Overview and Level Annotations

Branches:
Dungeon (1/1)

Altars:
Cheibriados
Dithmenos
Elyvilon
Gozag
Hepliaklqana
Kikubaaqudgha
Makhleb
Nemelex Xobeh
Okawaru
Qazlal
Ru
Sif Muna
Trog
Uskayaw
Vehumet
Wu Jian
Xom
Yredelemnul
Zin
The Shining One
Jiyva
Lugonu

Shops:
D [[*(


Innate Abilities, Weirdness & Mutations

You cannot wear most types of armour.
You are amphibious.
You can wear up to eight rings at the same time.
Your skin changes colour to match your surroundings (Stealth+).
Your rubbery body absorbs attacks. (AC +1, EV +1)
((You are camouflaged when in or above water. (Stealth+)))
You have tentacles for arms and can constrict up to eight enemies at once.


Message History

You start resting.
Your magical contamination has completely faded away.
You start resting.
Magic restored.
You fail to use your ability.
You fail to use your ability.
You fail to use your ability.
You fade into invisibility!
You are very lightly contaminated with residual magic.
As you open the door, it creaks loudly!
A demonic crawler comes into view.
The demonic crawler gives a hideous shriek!
The demonic crawler hits you. The demonic crawler hits you! x2
Casting: Foxfire (safe; 1% risk of failure)
Confirm with . or Enter, or press ? or * to list all spells.
Okay, then.
Okay, then.
Okay, then.
Okay, then.
Casting: Foxfire (safe; 1% risk of failure)
Confirm with . or Enter, or press ? or * to list all spells.
Okay, then.
Unknown command.
You fail to use your ability.
The demonic crawler completely misses you.
The demonic crawler hits you!
* * * LOW HITPOINT WARNING * * *
The demonic crawler hits you!
* * * LOW HITPOINT WARNING * * *
Okay, then.
Okay, then.
Unknown command.
Okay, then.
You can no longer call upon Sif Muna to cast any spell from your library.
The demonic crawler misses you.
The demonic crawler completely misses you.
The demonic crawler misses you.
Your large abomination hits the demonic crawler.
The demonic crawler barely misses you. The demonic crawler hits you!
You die...

#######################
._._.⌠.#.()...#....##∩#
_._._..'..#[..#....'..#
._._...#..###'##..[##∩#
_._._..#..##∩∩.'...####
._._.⌠.#############
############....X.###
.♣.###§'..'.....@s'.+
..♣##..#..#.P...XX###
♣..###.##+##.P....#
..♣'...# ########
########


You could see a demonic crawler (ally target) and 3 friendly large abominations.

Vanquished Creatures
  A spriggan druid (D)
  4 oklob plants (D)
  A queen bee (D)
  3 burning bushes (D)
  3 wandering mushrooms (D)
  3 scorpions (D)
  4 killer bees (D)
  5 oklob saplings (D)
  2 spriggans (D)
  A river rat (D)
  A rat (D)
  A ballistomycete spore (D)
29 creatures vanquished.

Vanquished Creatures (collateral kills)
  2 oklob plants (D)
  3 foxfires (D)
5 creatures vanquished.

Vanquished Creatures (others)
  115 foxfires (D)
  A fungus (D)
116 creatures vanquished.

Grand Total: 150 creatures vanquished

Notes
Turn   | Place    | Note
-------+----------+-------------------------------------------
     0 | D        | Conn the Octopode Fire Elementalist began the quest for the
                  | Orb.
     0 | D        | Reached XP level 1. HP: 11/11 MP: 3/3
    18 | D        | Reached XP level 2. HP: 7/17 MP: 0/5
    62 | D        | Noticed an oklob sapling
    67 | D        | Learned a level 2 spell: Scorch
    70 | D        | Noticed a scorpion
    70 | D        | Found the amulet of invisibility {+Inv}
    82 | D        | Killed a scorpion
    83 | D        | Reached skill level 4 in Spellcasting
    83 | D        | Reached skill level 5 in Fire Magic
    83 | D        | Reached XP level 3. HP: 12/21 MP: 0/8
    83 | D        | Reached XP level 4. HP: 15/27 MP: 0/10
   180 | D        | Learned a level 3 spell: Inner Flame
   258 | D        | Learned a level 4 spell: Flame Wave
   262 | D        | Found an opulent altar of Gozag.
   262 | D        | Found a hazy altar of Hepliaklqana.
   262 | D        | Found a burning altar of Makhleb.
   262 | D        | Found a sparkling altar of Nemelex Xobeh.
   262 | D        | Found a sacrificial altar of Ru.
   262 | D        | Found a shimmering blue altar of Sif Muna.
   262 | D        | Found an ornate altar of the Wu Jian Council.
   262 | D        | Found a shimmering altar of Xom.
   262 | D        | Found a basalt altar of Yredelemnul.
   263 | D        | Found a viscous altar of Jiyva.
   263 | D        | Found a snail-covered altar of Cheibriados.
   263 | D        | Found a bloodstained altar of Trog.
   263 | D        | Noticed an oklob sapling priest
   264 | D        | Found an iron altar of Okawaru.
   264 | D        | Found a glowing silver altar of Zin.
   264 | D        | Found a shadowy altar of Dithmenos.
   268 | D        | Found an ancient bone altar of Kikubaaqudgha.
   268 | D        | Found a hide-covered altar of Uskayaw.
   361 | D        | Upgraded the game from 0.30-a0-1085-g990a428a5c to
                  | 0.30-a0-1093-gcfb1e0cf12
   372 | D        | Killed an oklob sapling priest
   373 | D        | Reached skill level 5 in Spellcasting
   373 | D        | Reached skill level 1 in Evocations
   373 | D        | Reached XP level 5. HP: 31/31 MP: 2/13
   374 | D        | Found a stormy altar of Qazlal.
   374 | D        | Found a glowing golden altar of the Shining One.
   374 | D        | Found a white marble altar of Elyvilon.
   375 | D        | Found a radiant altar of Vehumet.
   375 | D        | Found a corrupted altar of Lugonu.
   377 | D        | Became a worshipper of Sif Muna the Loreminder
   481 | D        | Reached skill level 6 in Spellcasting
   632 | D        | Reached * piety under Sif Muna
   633 | D        | Reached skill level 7 in Spellcasting
   633 | D        | Reached skill level 5 in Conjurations
   633 | D        | Reached skill level 1 in Hexes
   633 | D        | Reached XP level 6. HP: 36/36 MP: 11/16
   698 | D        | Found Geudof's Armour Shop.
   698 | D        | Found Vinloux's Armour Emporium.
   702 | D        | Noticed a burning bush
   702 | D        | Noticed a wandering mushroom
   703 | D        | Noticed a wandering mushroom
   710 | D        | Reached ** piety under Sif Muna
   711 | D        | Reached skill level 8 in Spellcasting
   714 | D        | Killed a wandering mushroom
   715 | D        | Reached XP level 7. HP: 27/41 MP: 1/19
   854 | D        | Killed a wandering mushroom
   855 | D        | Reached skill level 9 in Spellcasting
  1080 | D        | Noticed a queen bee
  1086 | D        | Reached skill level 5 in Evocations
  1088 | D        | Reached *** piety under Sif Muna
  1093 | D        | Reached skill level 10 in Spellcasting
  1100 | D        | Killed a queen bee
  1101 | D        | Reached skill level 1 in Fighting
  1101 | D        | Reached skill level 1 in Short Blades
  1101 | D        | Reached XP level 8. HP: 48/48 MP: 5/22
  1273 | D        | Noticed an oklob plant
  1282 | D        | Killed an oklob plant
  1282 | D        | Reached **** piety under Sif Muna
  1283 | D        | Reached skill level 1 in Shields
  1283 | D        | Reached skill level 11 in Spellcasting
  1283 | D        | Reached skill level 5 in Invocations
  1382 | D        | Noticed a burning bush
  1384 | D        | Identified the ring "Eceocah" {rPois Int+3}
  1476 | D        | Noticed a burning bush
  1476 | D        | Noticed an oklob plant
  1477 | D        | Noticed a wandering mushroom
  1554 | D        | Killed a burning bush
  2082 | D        | Killed a burning bush
  2083 | D        | Reached skill level 12 in Spellcasting
  2083 | D        | Reached skill level 10 in Fire Magic
  2083 | D        | Reached XP level 9. HP: 53/53 MP: 15/25
  2237 | D        | Killed a wandering mushroom
  2238 | D        | Killed an oklob plant
  2370 | D        | Noticed a spriggan druid
  2379 | D        | Killed a spriggan druid
  2379 | D        | Reached ***** piety under Sif Muna
  2380 | D        | Reached skill level 13 in Spellcasting
  2475 | D        | Noticed an oklob plant conjurer
  2479 | D        | Killed an oklob plant conjurer
  2479 | D        | Received a gift from Sif Muna
  2480 | D        | Reached XP level 10. HP: 58/58 MP: 18/27
  2480 | D        | Got Sif Muna's Grimoire of the Vehement Congregation {god
                  | gift}
  2485 | D        | Learned a level 3 spell: Mephitic Cloud
  2494 | D        | Learned a level 8 spell: Summon Horrible Things
  2611 | D        | Reached skill level 1 in Poison Magic
  2694 | D        | Found Koilipt's Weapon Emporium.
  2694 | D        | Found Qydoc's Assorted Antiques.
  2781 | D        | Noticed an oklob plant
  2781 | D        | Noticed an oklob plant summoner
  2787 | D        | Learned a level 3 spell: Hailstorm
  2791 | D        | Learned a level 3 spell: Frozen Ramparts
  2802 | D        | Killed an oklob plant
  2803 | D        | Reached skill level 14 in Spellcasting
  2803 | D        | Reached skill level 1 in Summonings
  2803 | D        | Reached skill level 1 in Ice Magic
  2803 | D        | Reached skill level 1 in Air Magic
  2817 | D        | Noticed an oklob plant shifter
  2818 | D        | Killed an oklob plant summoner
  2964 | D        | Killed an oklob plant shifter
  3010 | D        | Noticed a demonic crawler
  3011 | D        | HP: 1/58 [demonic crawler (11)]
  3013 | D        | Mangled by a demonic crawler

Illustrated notes

Levels and vault maps discovered:
D:        dungeon_sprint_fedhas [sprint_temple]

Skill      XL: |  1  2  3  4  5  6  7  8  9 10 |
---------------+-------------------------------+-----
Stealth        | 3 |  3.0
Conjurations   | 3 4 5 6 7 8 9 |  9.1
Dodging        | 3 4 |  4.2
Spellcasting   | 4 5 7 8 10 12 13 14 | 14.3
Fire Magic     | 5 6 7 8 9 10 11 | 11.9
Evocations     | 1 2 4 5 |  5.0
Hexes          | 1 2 |  2.9
Invocations    | 4 5 7 |  7.6
Fighting       | 1 |  1.2
Short Blades   | 1 |  1.1
Shields        | 1 |  1.6
Poison Magic   | 2 |  2.7
Summonings     | 2 |  2.0
Ice Magic      | 2 |  2.0
Air Magic      | 2 |  2.3

Action                     |  1- 3 |  4- 6 |  7- 9 | 10-12 || total
---------------------------+-------+-------+-------+-------++-------
  Melee: Unarmed           |    14 |     1 |       |       ||    15
         Constrict         |     2 |     1 |       |       ||     3
         Tentacles         |     4 |     1 |       |       ||     5
         Rapier            |       |     3 |     1 |       ||     4
   Cast: Foxfire           |     4 |    17 |    36 |     7 ||    64
         Scorch            |     1 |    13 |    50 |     8 ||    72
         Inner Flame       |       |     5 |     3 |     2 ||    10
         Flame Wave        |       |     1 |     5 |     1 ||     7
         Summon Horrible T |       |       |       |     2 ||     2
 Invoke: Channel Magic     |       |       |     1 |       ||     1
         Divine Exegesis   |       |       |       |     2 ||     2
Ability: Evoke Invisibilit |       |     6 |    13 |     3 ||    22
    Use: Potion            |     2 |     1 |       |     1 ||     4
         Scroll            |       |       |     1 |       ||     1
   Stab: Invisible         |       |     2 |       |       ||     2
         Sleeping          |       |       |     1 |       ||     1
  Dodge: Dodged            |     8 |     6 |     8 |     8 ||    30
  Block: Buckler           |       |       |     2 |     1 ||     3

Table legend: (Time is in decaauts)
 A = Elapsed time spent in this place.
 B = Non-inter-level travel time spent in this place.
 C = Inter-level travel time spent in this place.
 D = Time resting spent in this place.
 E = Time spent auto-exploring this place.
 F = Levels seen in this place.
 G = Mean time per level.
                   A        B        C        D        E       F      G
               +--------+--------+--------+--------+--------+-----+--------+
         Total |   3006 |   3006 |      0 |   2014 |      0 |   1 | 3006.0 |
       Dungeon |   3006 |   3006 |      0 |   2014 |      0 |   1 | 3006.0 |
               +--------+--------+--------+--------+--------+-----+--------+

Top non-repeatable levels by time:
       D: 3006 daAuts
